| TOP OF THE 1ST |
|
Kennewick Bear Cubs batting - Pitching for Modesto Nuts : RHP Armando Linares
|
|
Pitching: RHP Armando Linares
|
|
|
Batting: RHB Matthew Sferrazza
|
0-0: Ball 1-0: Swinging Strike 1-1: Ground out 5-3 (Groundball, 56S, EV 75.6 MPH)
|
|
Batting: LHB Steven Morris
|
0-0: Ball 1-0: Foul Ball, location: 2F 1-1: Ball 2-1: Fly out, F8 (Flyball, 8LD, EV 94.4 MPH)
|
|
Batting: LHB Jose Birriel
|
0-0: Ball 1-0: Ball 2-0: Ball 3-0: Called Strike 3-1: Fly out, F8 (Line Drive, 8LD, EV 100.0 MPH)
|
| Top of the 1st over - 0 runs, 0 hits, 0 errors, 0 left on base; Kennewick 0 - Modesto 0 |
| BOTTOM OF THE 1ST |
|
Modesto Nuts batting - Pitching for Kennewick Bear Cubs : RHP Chuck McGrath
|
|
Pitching: RHP Chuck McGrath
|
|
|
Batting: RHB Mike Miller
|
0-0: Fly out, F8 (Flyball, 8LXD, EV 96.3 MPH)
|
|
Batting: RHB Johnny Tutt
|
0-0: Ground out U3 (Groundball, 3, EV 98.1 MPH)
|
|
Batting: LHB Dave McLaughlin
|
0-0: Called Strike 0-1: Ball 1-1: Foul Ball, location: 2F 1-2: Foul Ball, location: 2F 1-2: SINGLE (Flyball, 56D, EV 87.5 MPH)
|
|
Batting: RHB Antonio Lopez
|
0-0: Fielders Choice at 2nd, 6-4 (Groundball, 56, EV 83.8 MPH)
|
| Bottom of the 1st over - 0 runs, 1 hit, 0 errors, 1 left on base; Kennewick 0 - Modesto 0 |
| TOP OF THE 2ND |
|
Kennewick Bear Cubs batting - Pitching for Modesto Nuts : RHP Armando Linares
|
|
Batting: RHB Jonathan Black
|
0-0: Fly out, F9 (Flyball, 89S, EV 76.9 MPH)
|
|
Batting: LHB Rob Nelson
|
0-0: Ball 1-0: Ball 2-0: Ground out 4-3 (Groundball, 4, EV 85.0 MPH)
|
|
Batting: SHB Eriberto Them
|
0-0: Swinging Strike 0-1: Swinging Strike 0-2: Ball 1-2: Ball 2-2: Ball 3-2: Foul Ball, location: 2F 3-2: Strikes out swinging
|
| Top of the 2nd over - 0 runs, 0 hits, 0 errors, 0 left on base; Kennewick 0 - Modesto 0 |
| BOTTOM OF THE 2ND |
|
Modesto Nuts batting - Pitching for Kennewick Bear Cubs : RHP Chuck McGrath
|
|
Batting: RHB Andre Lowe
|
0-0: Called Strike 0-1: Swinging Strike 0-2: Ball 1-2: Strikes out swinging
|
|
Batting: LHB Nelson Burciaga
|
0-0: DOUBLE (Line Drive, 3D, EV 96.3 MPH)
|
|
Batting: RHB Jesus Vila
|
0-0: Called Strike 0-1: Called Strike 0-2: Foul Ball, location: 2F 0-2: DOUBLE (Flyball, 7D, EV 86.9 MPH) Nelson Burciaga scores
|
|
Batting: RHB Carlos Leal
|
0-0: Ball 1-0: Fly out, F7 (Flyball, 7, EV 89.4 MPH)
|
|
Batting: RHB Larry Tribble
|
0-0: Ball 1-0: Ground out 6-3 (Groundball, 6, EV 83.1 MPH)
|
| Bottom of the 2nd over - 1 run, 2 hits, 0 errors, 1 left on base; Kennewick 0 - Modesto 1 |
| TOP OF THE 3RD |
|
Kennewick Bear Cubs batting - Pitching for Modesto Nuts : RHP Armando Linares
|
|
Batting: RHB Kenneth Whitfield
|
0-0: SINGLE (Groundball, 34D, EV 107.5 MPH)
|
|
Batting: RHB William Nunez
|
0-0: Fielders Choice at 2nd, 5-4 (Groundball, 56S, EV 84.4 MPH)
|
|
Batting: RHB Gary Tremblay
|
0-0: Grounds into double play, 4-6-3 (Groundball, 34, EV 88.1 MPH)
|
| Top of the 3rd over - 0 runs, 1 hit, 0 errors, 0 left on base; Kennewick 0 - Modesto 1 |
| BOTTOM OF THE 3RD |
|
Modesto Nuts batting - Pitching for Kennewick Bear Cubs : RHP Chuck McGrath
|
|
Batting: RHB Mike Miller
|
0-0: Foul Ball, location: 2F 0-1: Ground out 4-3 (Groundball, 4M, EV 103.8 MPH)
|
|
Batting: RHB Johnny Tutt
|
0-0: Ground out 6-3 (Groundball, 56, EV 83.1 MPH)
|
|
Batting: LHB Dave McLaughlin
|
0-0: Foul Ball, location: 2F 0-1: Ball 1-1: Foul Ball, location: 2F 1-2: Ball 2-2: Ball 3-2: Base on Balls
|
|
Batting: RHB Antonio Lopez
|
0-0: Ball 1-0: Ball 2-0: Ground out U3 (Groundball, 3S, EV 86.3 MPH)
|
| Bottom of the 3rd over - 0 runs, 0 hits, 0 errors, 1 left on base; Kennewick 0 - Modesto 1 |
| TOP OF THE 4TH |
|
Kennewick Bear Cubs batting - Pitching for Modesto Nuts : RHP Armando Linares
|
|
Batting: RHB Matthew Sferrazza
|
0-0: Ball 1-0: Called Strike 1-1: Swinging Strike 1-2: Ball 2-2: Ground out 6-3 (Groundball, 6, EV 85.6 MPH)
|
|
Batting: LHB Steven Morris
|
0-0: SOLO HOME RUN (Line Drive, 9LD, EV 101.3 MPH), Distance : 356 ft
|
|
Batting: LHB Jose Birriel
|
0-0: Ball 1-0: Ground out U3 (Groundball, 3, EV 90.6 MPH)
|
|
Batting: RHB Jonathan Black
|
0-0: Ball 1-0: Ball 2-0: Ground out 5-3 (Groundball, 56, EV 91.9 MPH)
|
| Top of the 4th over - 1 run, 1 hit, 0 errors, 0 left on base; Kennewick 1 - Modesto 1 |
| BOTTOM OF THE 4TH |
|
Modesto Nuts batting - Pitching for Kennewick Bear Cubs : RHP Chuck McGrath
|
|
Batting: RHB Andre Lowe
|
0-0: Ball 1-0: Ball 2-0: Foul Ball, location: 2F 2-1: Ball 3-1: Base on Balls
|
|
Batting: LHB Nelson Burciaga
|
0-0: Grounds into double play, 6-4-3 (Groundball, 6, EV 88.8 MPH)
|
|
Batting: RHB Jesus Vila
|
0-0: Ball 1-0: Fly out, F7 (Flyball, 7S, EV 86.3 MPH)
|
| Bottom of the 4th over - 0 runs, 0 hits, 0 errors, 0 left on base; Kennewick 1 - Modesto 1 |
| TOP OF THE 5TH |
|
Kennewick Bear Cubs batting - Pitching for Modesto Nuts : RHP Armando Linares
|
|
Batting: LHB Rob Nelson
|
0-0: Swinging Strike 0-1: Foul Ball, location: 2F 0-2: Strikes out swinging
|
|
Batting: SHB Eriberto Them
|
0-0: Ball 1-0: Called Strike 1-1: Fly out, F7 (Line Drive, 7D, EV 90.6 MPH)
|
|
Batting: RHB Kenneth Whitfield
|
0-0: Ball 1-0: SINGLE (Groundball, 56S, EV 76.9 MPH) (infield hit)
|
|
Batting: RHB William Nunez
|
0-0: Ball 1-0: Fly out, F9 (Line Drive, 9, EV 90.0 MPH)
|
| Top of the 5th over - 0 runs, 1 hit, 0 errors, 1 left on base; Kennewick 1 - Modesto 1 |
| BOTTOM OF THE 5TH |
|
Modesto Nuts batting - Pitching for Kennewick Bear Cubs : RHP Chuck McGrath
|
|
Batting: RHB Carlos Leal
|
0-0: Called Strike 0-1: Ball 1-1: Ball 2-1: Ball 3-1: Base on Balls
|
|
Batting: RHB Larry Tribble
|
0-0: Ball 1-0: Called Strike 1-1: Ball Carlos Leal steals 2nd base 2-1: Ball 3-1: Ground out 6-3 (Groundball, 6, EV 104.4 MPH)
|
|
Batting: RHB Mike Miller
|
0-0: Called Strike 0-1: Ball 1-1: Ball 2-1: Ball 3-1: Called Strike 3-2: SINGLE (Line Drive, 4M, EV 103.8 MPH) Carlos Leal to third
|
|
Batting: RHB Johnny Tutt
|
0-0: Ball Mike Miller steals 2nd base 1-0: Ball 2-0: Ball 3-0: Base on Balls
|
|
Batting: LHB Dave McLaughlin
|
0-0: Swinging Strike 0-1: Called Strike 0-2: Grounds into fielders choice 1-2 (Groundball, 23, EV 70.0 MPH) Mike Miller to third Johnny Tutt to second
|
|
Batting: RHB Antonio Lopez
|
0-0: Ball 1-0: GRAND SLAM HOME RUN (Flyball, 7LD, EV 110.0 MPH), Distance : 357 ft
|
|
Batting: RHB Andre Lowe
|
0-0: Foul Ball, location: 2F 0-1: Ball 1-1: Swinging Strike 1-2: Foul Ball, location: 2F 1-2: Fly out, F8 (Flyball, 8RM, EV 87.5 MPH)
|
| Bottom of the 5th over - 4 runs, 2 hits, 0 errors, 0 left on base; Kennewick 1 - Modesto 5 |
| TOP OF THE 6TH |
|
Kennewick Bear Cubs batting - Pitching for Modesto Nuts : RHP Armando Linares
|
|
Batting: RHB Gary Tremblay
|
0-0: Called Strike 0-1: Called Strike 0-2: Strikes out swinging
|
|
Batting: RHB Matthew Sferrazza
|
0-0: Swinging Strike 0-1: Ball 1-1: Ball 2-1: Called Strike 2-2: Fly out, F8 (Flyball, 8LXD, EV 81.3 MPH)
|
|
Batting: LHB Steven Morris
|
0-0: Called Strike 0-1: Foul Ball, location: 2F 0-2: Ball 1-2: Ball 2-2: Ground out 4-3 (Groundball, 4, EV 86.3 MPH)
|
| Top of the 6th over - 0 runs, 0 hits, 0 errors, 0 left on base; Kennewick 1 - Modesto 5 |
| BOTTOM OF THE 6TH |
|
Modesto Nuts batting - Pitching for Kennewick Bear Cubs : RHP Chuck McGrath
|
|
Batting: LHB Nelson Burciaga
|
0-0: Ball 1-0: Foul Ball, location: 2F 1-1: Foul Ball, location: 2F 1-2: Ball 2-2: Ball 3-2: Base on Balls
|
|
Batting: RHB Jesus Vila
|
0-0: Called Strike 0-1: Foul Ball, location: 2F 0-2: Foul Ball, location: 2F 0-2: Fly out, F8 (Flyball, 8LM, EV 85.6 MPH)
|
|
Batting: RHB Carlos Leal
|
0-0: Foul Ball, location: 2F 0-1: Called Strike 0-2: Fly out, F2 (Popup, 2R, EV 90.0 MPH)
|
|
Batting: RHB Larry Tribble
|
0-0: Foul Ball, location: 2F 0-1: Ball 1-1: Swinging Strike 1-2: Foul Ball, location: 2F 1-2: SINGLE (Groundball, 34D, EV 106.3 MPH) Nelson Burciaga to second Runner from 2nd tries for 3rd, SAFE, throw by RF made to third
|
|
Batting: RHB Mike Miller
|
0-0: Ball 1-0: Ball 2-0: Foul Ball, location: 2F 2-1: Ball 3-1: Base on Balls Larry Tribble to second
|
|
Batting: RHB Johnny Tutt
|
0-0: Ball 1-0: Foul Ball, location: 2F 1-1: SINGLE (Groundball, 6S, EV 70.6 MPH) (infield hit) Nelson Burciaga scores Larry Tribble to third Mike Miller to second
|
|
Pitching: RHP Jordan Alvarado
|
|
|
Batting: LHB Dave McLaughlin
|
0-0: Called Strike 0-1: Ball 1-1: Foul Ball, location: 2F 1-2: SINGLE (Groundball, 34D, EV 103.1 MPH) Larry Tribble scores Mike Miller to third Johnny Tutt to second Runner from 3rd tries for Home, SAFE, throw by RF to home
|
|
Batting: RHB Antonio Lopez
|
0-0: Ball 1-0: SINGLE (Groundball, 6MD, EV 101.3 MPH) Johnny Tutt to third Dave McLaughlin to second Runner from 3rd tries for Home, SAFE, throw by CF to home
|
|
Batting: RHB Andre Lowe
|
0-0: Called Strike 0-1: Ball 1-1: Called Strike 1-2: Ball 2-2: Foul Ball, location: 2F 2-2: Fielders Choice at 2nd, U6 (Groundball, 6M, EV 85.0 MPH)
|
| Bottom of the 6th over - 4 runs, 4 hits, 0 errors, 2 left on base; Kennewick 1 - Modesto 9 |
| TOP OF THE 7TH |
|
Kennewick Bear Cubs batting - Pitching for Modesto Nuts : RHP Armando Linares
|
|
Batting: LHB Jose Birriel
|
0-0: Ball 1-0: Called Strike 1-1: DOUBLE (Line Drive, 9LM, EV 88.8 MPH)
|
|
Batting: RHB Jonathan Black
|
0-0: Ball 1-0: Ball 2-0: Ground out 4-3 (Groundball, 4M, EV 86.9 MPH) Jose Birriel to third
|
|
Batting: LHB Rob Nelson
|
0-0: Called Strike 0-1: Swinging Strike 0-2: Ball 1-2: Fly out, F9 (Line Drive, 9, EV 94.4 MPH) Runner from 3rd tags up, OUT at HOME! 9-2
|
| Top of the 7th over - 0 runs, 1 hit, 0 errors, 0 left on base; Kennewick 1 - Modesto 9 |
| BOTTOM OF THE 7TH |
|
Modesto Nuts batting - Pitching for Kennewick Bear Cubs : RHP Jordan Alvarado
|
|
Batting: LHB Nelson Burciaga
|
0-0: Ball 1-0: Called Strike 1-1: Ball 2-1: SINGLE (Flyball, 9S, EV 95.0 MPH)
|
|
Batting: RHB Jesus Vila
|
0-0: Ball 1-0: Foul Ball, location: 2F 1-1: Ball 2-1: Ball 3-1: Base on Balls Nelson Burciaga to second
|
|
Batting: RHB Carlos Leal
|
0-0: Ball 1-0: Ball 2-0: Ball 3-0: Base on Balls Nelson Burciaga to third Jesus Vila to second
|
|
Pinch Hitting: RHB Jeffery Martin
|
0-0: Called Strike 0-1: Ball 1-1: SINGLE (Line Drive, 9LS, EV 109.4 MPH) Nelson Burciaga scores Jesus Vila to third Carlos Leal to second
|
|
Pinch Hitting: RHB Bill Wrona
|
0-0: Ball 1-0: Called Strike 1-1: Grounds into double play, 6-4-3 (Groundball, 6, EV 89.4 MPH) Jesus Vila scores Carlos Leal to third
|
|
Batting: RHB Johnny Tutt
|
0-0: Reached on error, E1 (Groundball, 15S, EV 66.3 MPH) Carlos Leal scores
|
|
Batting: LHB Dave McLaughlin
|
0-0: Ball 1-0: Ball 2-0: Foul Ball, location: 2F 2-1: Foul Ball, location: 2F 2-2: Ball 3-2: Base on Balls
|
|
Batting: RHB Antonio Lopez
|
0-0: Swinging Strike 0-1: Foul Ball, location: 2F 0-2: Ball 1-2: Ball 2-2: Ball 3-2: Reached on error, E5 (Groundball, 56, EV 80.0 MPH) Johnny Tutt scores Dave McLaughlin to third
|
|
Batting: RHB Andre Lowe
|
0-0: Ball 1-0: Ball 2-0: Ball 3-0: Base on Balls
|
|
Pitching: RHP Calvin Schiraldi
|
|
|
Batting: LHB Nelson Burciaga
|
0-0: Ball 1-0: Ball 2-0: Foul Ball, location: 2F 2-1: Ground out U3 (Groundball, 3, EV 84.4 MPH)
|
| Bottom of the 7th over - 4 runs, 2 hits, 2 errors, 3 left on base; Kennewick 1 - Modesto 13 |
| TOP OF THE 8TH |
|
Kennewick Bear Cubs batting - Pitching for Modesto Nuts : RHP Armando Linares
|
|
Now at C: Jeffery Martin
|
|
|
Now at SS: Bill Wrona
|
|
|
Batting: SHB Eriberto Them
|
0-0: Ball 1-0: Ball 2-0: Called Strike 2-1: Ball 3-1: Base on Balls
|
|
Batting: RHB Kenneth Whitfield
|
0-0: DOUBLE (Flyball, 8RXD, EV 98.8 MPH) Eriberto Them to third
|
|
Batting: RHB William Nunez
|
0-0: Ball 1-0: Foul Ball, location: 2F 1-1: Foul Ball, location: 2F 1-2: SINGLE (Line Drive, 7S, EV 92.5 MPH) Eriberto Them scores Kenneth Whitfield to third
|
|
Batting: RHB Gary Tremblay
|
0-0: Reached on error, E6 (Groundball, 6, EV 85.6 MPH) Kenneth Whitfield scores William Nunez to second
|
|
Batting: RHB Matthew Sferrazza
|
0-0: Foul Ball, location: 2F 0-1: Ground out 5-3 (Groundball, 5S, EV 78.1 MPH) William Nunez to third Gary Tremblay to second
|
|
Batting: LHB Steven Morris
|
0-0: Called Strike 0-1: Foul Ball, location: 2F 0-2: Ball 1-2: Ball 2-2: Ball 3-2: Foul Ball, location: 2F 3-2: Base on Balls
|
|
Pinch Hitting: RHB Roger Jensen
|
0-0: Called Strike 0-1: Foul Ball, location: 2F 0-2: Foul Ball, location: 2F 0-2: Ball 1-2: Strikes out swinging
|
|
Pitching: LHP David Sweeder
|
|
|
Batting: RHB Jonathan Black
|
0-0: Called Strike 0-1: Ball 1-1: Ball 2-1: Swinging Strike 2-2: Strikes out swinging
|
| Top of the 8th over - 2 runs, 2 hits, 1 error, 3 left on base; Kennewick 3 - Modesto 13 |
| BOTTOM OF THE 8TH |
|
Modesto Nuts batting - Pitching for Kennewick Bear Cubs : RHP Calvin Schiraldi
|
|
Now in LF: Roger Jensen
|
|
|
Batting: RHB Jesus Vila
|
0-0: Foul Ball, location: 2F 0-1: Ball 1-1: Reached on error, E4 (Groundball, 4, EV 82.5 MPH)
|
|
Batting: RHB Carlos Leal
|
0-0: Ball 1-0: Foul Ball, location: 2F 1-1: Ball 2-1: Ball 3-1: Called Strike 3-2: DOUBLE (Flyball, 8LD, EV 108.8 MPH) Jesus Vila to third
|
|
Batting: RHB Jeffery Martin
|
0-0: Called Strike 0-1: Ball 1-1: Foul Ball, location: 2F 1-2: Strikes out swinging
|
|
Batting: RHB Bill Wrona
|
0-0: Ball 1-0: Called Strike 1-1: Ground out 4-3 (Groundball, 4, EV 83.8 MPH) Jesus Vila scores Carlos Leal to third
|
|
Batting: RHB Johnny Tutt
|
0-0: Ball 1-0: Foul Ball, location: 2F 1-1: Foul Ball, location: 2F 1-2: Strikes out swinging
|
| Bottom of the 8th over - 1 run, 1 hit, 1 error, 1 left on base; Kennewick 3 - Modesto 14 |
| TOP OF THE 9TH |
|
Kennewick Bear Cubs batting - Pitching for Modesto Nuts : LHP David Sweeder
|
|
Batting: LHB Rob Nelson
|
0-0: Ground out 6-3 (Groundball, 6, EV 84.4 MPH)
|
|
Batting: SHB Eriberto Them
|
0-0: Foul Ball, location: 2F 0-1: Ground out 6-3 (Groundball, 56D, EV 93.1 MPH)
|
|
Batting: RHB Kenneth Whitfield
|
0-0: Foul Ball, location: 2F 0-1: Ground out 5-3 (Groundball, 5S, EV 83.8 MPH)
|
| Top of the 9th over - 0 runs, 0 hits, 0 errors, 0 left on base; Kennewick 3 - Modesto 14 |
|